[ AOE2 MATCH · #505526981 ]
UnrankedRomans vs Incas
Player's team · LOSS
Rival team · WIN
[ REPLAY ANALYSIS · EXTRACTED FROM THE RECORDED GAME ]
Feudal
10:15
Castle
20:05
Imperial
—
| APM avg | 75.0 |
| APM peak | 117 |
| eAPM avg | 45.3 |
| Villagers / military | 109 / 144 |
Focus
⚔️ 65.7% · 🌾 34.3%
Militia ×120 · Archer ×16 · Knight ×3 · Mangonel ×3 · Scorpion ×1 · Battering Ram ×1
Feudal
15:25
Castle
20:03
Imperial
—
| APM avg | 52.8 |
| APM peak | 130 |
| eAPM avg | 28.9 |
| Villagers / military | 98 / 13 |
Focus
⚔️ 43.2% · 🌾 56.8%
Unknown (2550) ×141 · Monk ×6 · Scorpion ×6 · Mangonel ×1
Match map
Initial resources + every placement click. Lines = walls · curves = elevation contours. ◆ gold · ⬟ stone · ● berries · ✦ relic · ◌ wall gap
Your base· ✓ Closed at 20:05 · 35t walls · 2 gate(s)
JOJO ROAD ROLLER's base· ✓ Closed at 20:03 · 61t walls · no gate
Smoothed initial terrain · ◌ = detected wall gap · hover for details
Inputs per minute
— DS_VarVa - - JOJO ROAD ROLLER
Build order — DS_VarVa
First 150 of 393 actions detected
| 0:00 | Create | Villager (Male) |
| 0:00 | Create | Villager (Male) |
| 0:01 | Create | Villager (Male) |
| 0:02 | Build | House |
| 0:03 | Build | House |
| 0:19 | Create | Villager (Male) |
| 0:19 | Create | Villager (Male) |
| 1:10 | Create | Villager (Male) |
| 1:10 | Create | Villager (Male) |
| 1:45 | Create | Villager (Male) |
| 1:48 | Build | Lumber Camp |
| 2:03 | Create | Villager (Male) |
| 2:40 | Create | Villager (Male) |
| 2:41 | Create | Villager (Male) |
| 3:10 | Create | Villager (Male) |
| 3:30 | Create | Villager (Male) |
| 3:45 | Create | Villager (Male) |
| 3:49 | Build | House |
| 4:28 | Create | Villager (Male) |
| 4:32 | Build | Mill |
| 4:50 | Create | Villager (Male) |
| 5:05 | Create | Villager (Male) |
| 5:06 | Create | Villager (Male) |
| 5:06 | Create | Villager (Male) |
| 5:31 | Build | House |
| 5:34 | Build | Palisade Wall |
| 5:40 | Build | Palisade Wall |
| 5:55 | Create | Villager (Male) |
| 5:56 | Research | Loom |
| 6:45 | Build | Mining Camp |
| 7:07 | Build | Palisade Wall |
| 7:09 | Build | Palisade Wall |
| 7:32 | Create | Villager (Male) |
| 7:40 | Build | Barracks |
| 8:05 | Research | Feudal Age |
| 8:06 | Research | Feudal Age |
| 8:50 | Build | House |
| 9:15 | Build | House |
| 9:17 | Create | Villager (Male) |
| 9:34 | Create | Villager (Male) |
| 9:40 | Build | Palisade Wall |
| 9:45 | Build | Palisade Wall |
| 9:46 | Build | Palisade Wall |
| 10:06 | Build | Palisade Gate |
| 10:07 | Build | House |
| 10:10 | Create | Villager (Male) |
| 10:15 | Age | Feudal Age |
| 10:19 | Build | Archery Range |
| 10:22 | Build | Palisade Wall |
| 10:28 | Build | Palisade Wall |
| 10:33 | Create | Villager (Male) |
| 10:41 | Create | Villager (Male) |
| 10:47 | Create | Villager (Male) |
| 10:54 | Create | Villager (Male) |
| 10:55 | Build | Farm |
| 10:56 | Build | Farm |
| 11:02 | Create | Villager (Male) |
| 11:11 | Create | Archer |
| 11:15 | Create | Villager (Male) |
| 11:19 | Build | House |
| 11:32 | Create | Archer |
| 11:41 | Create | Villager (Male) |
| 11:43 | Create | Archer |
| 11:46 | Create | Archer |
| 11:59 | Create | Villager (Male) |
| 12:07 | Create | Archer |
| 12:11 | Research | Double-Bit Axe |
| 12:12 | Create | Villager (Male) |
| 12:22 | Create | Villager (Male) |
| 12:25 | Build | Farm |
| 12:32 | Create | Villager (Male) |
| 12:35 | Build | Farm |
| 12:47 | Build | House |
| 12:54 | Build | Farm |
| 12:54 | Create | Villager (Male) |
| 13:03 | Create | Archer |
| 13:08 | Create | Villager (Male) |
| 13:09 | Create | Villager (Male) |
| 13:27 | Build | Palisade Wall |
| 13:30 | Create | Villager (Male) |
| 13:31 | Build | Farm |
| 13:37 | Build | Farm |
| 13:55 | Create | Archer |
| 14:05 | Build | Farm |
| 14:07 | Build | Farm |
| 14:12 | Create | Villager (Male) |
| 14:14 | Build | Palisade Wall |
| 14:20 | Create | Villager (Male) |
| 14:43 | Build | Blacksmith |
| 14:44 | Build | Palisade Wall |
| 14:46 | Create | Archer |
| 14:48 | Create | Villager (Male) |
| 14:48 | Create | Villager (Male) |
| 14:49 | Create | Villager (Male) |
| 14:56 | Create | Archer |
| 14:58 | Create | Villager (Male) |
| 15:02 | Build | Farm |
| 15:13 | Build | House |
| 15:19 | Create | Archer |
| 15:33 | Research | Fletching |
| 15:33 | Research | Fletching |
| 15:34 | Create | Archer |
| 15:40 | Create | Villager (Male) |
| 15:41 | Build | Farm |
| 15:54 | Build | Farm |
| 16:04 | Build | House |
| 16:04 | Build | House |
| 16:12 | Create | Villager (Male) |
| 16:14 | Build | Farm |
| 16:35 | Build | Palisade Gate |
| 16:59 | Build | Palisade Gate |
| 17:01 | Build | House |
| 17:05 | Build | Farm |
| 17:05 | Build | Farm |
| 17:15 | Create | Archer |
| 17:18 | Build | Farm |
| 17:23 | Build | House |
| 17:25 | Research | Castle Age |
| 17:25 | Research | Castle Age |
| 17:36 | Create | Archer |
| 17:42 | Build | Farm |
| 17:47 | Research | Horse Collar |
| 17:47 | Research | Horse Collar |
| 17:54 | Create | Archer |
| 17:58 | Build | House |
| 18:00 | Build | House |
| 18:02 | Research | Fletching |
| 18:02 | Research | Fletching |
| 18:02 | Research | Fletching |
| 18:35 | Build | Stable |
| 18:44 | Create | Archer |
| 18:47 | Create | Villager (Male) |
| 18:59 | Create | Archer |
| 19:08 | Build | House |
| 19:08 | Build | House |
| 19:12 | Create | Villager (Male) |
| 19:35 | Build | Farm |
| 19:35 | Build | Farm |
| 20:05 | Age | Castle Age |
| 20:08 | Create | Knight |
| 20:10 | Research | Scale Barding Armor |
| 20:13 | Research | Crossbowman (upgrade) |
| 20:14 | Research | Bodkin Arrow |
| 20:14 | Research | Bow Saw |
| 20:17 | Create | Villager (Male) |
| 20:35 | Build | Town Center |
| 20:46 | Build | House |
| 20:52 | Create | Villager (Male) |
| 20:59 | Research | Man-at-Arms (upgrade) |
| 21:00 | Create | Villager (Male) |
Build order — JOJO ROAD ROLLER
First 150 of 371 actions detected
| 0:01 | Create | Villager (Male) ×4 |
| 0:02 | Build | House |
| 0:38 | Build | Barracks |
| 1:36 | Create | Villager (Male) |
| 1:36 | Create | Villager (Male) |
| 2:00 | Create | Villager (Male) |
| 2:14 | Create | Unit 2550 |
| 2:29 | Research | Loom |
| 2:48 | Create | Unit 2550 |
| 2:50 | Create | Villager (Male) |
| 3:07 | Create | Unit 2550 |
| 3:08 | Create | Unit 2550 |
| 3:33 | Create | Villager (Male) |
| 3:47 | Create | Villager (Male) |
| 3:56 | Build | House |
| 4:07 | Create | Unit 2550 |
| 4:25 | Create | Villager (Male) |
| 4:45 | Create | Villager (Male) |
| 5:19 | Create | Villager (Male) |
| 5:19 | Create | Villager (Male) |
| 5:19 | Create | Villager (Male) |
| 5:45 | Create | Unit 2550 |
| 5:57 | Build | Settlement |
| 6:07 | Create | Villager (Male) |
| 6:32 | Create | Villager (Male) |
| 6:49 | Create | Unit 2550 |
| 7:08 | Create | Villager (Male) |
| 7:26 | Create | Unit 2550 |
| 7:38 | Create | Villager (Male) |
| 7:54 | Build | Settlement |
| 8:01 | Create | Villager (Male) |
| 8:06 | Create | Unit 2550 |
| 8:34 | Create | Villager (Male) |
| 8:47 | Create | Villager (Male) |
| 8:48 | Create | Unit 2550 |
| 8:53 | Build | Farm |
| 8:55 | Build | Farm |
| 8:56 | Create | Villager (Male) |
| 9:01 | Build | Palisade Wall |
| 9:29 | Build | Outpost |
| 9:33 | Create | Villager (Male) |
| 9:55 | Build | Settlement |
| 9:56 | Create | Unit 2550 |
| 10:05 | Build | Palisade Wall |
| 10:07 | Create | Unit 2550 |
| 10:09 | Build | Palisade Wall |
| 10:16 | Create | Villager (Male) |
| 10:23 | Build | Palisade Wall |
| 10:46 | Create | Unit 2550 |
| 11:01 | Build | Farm |
| 11:02 | Create | Villager (Male) |
| 11:03 | Create | Villager (Male) |
| 11:03 | Create | Villager (Male) |
| 11:03 | Create | Villager (Male) |
| 11:07 | Build | Palisade Wall |
| 11:35 | Create | Unit 2550 |
| 11:41 | Create | Villager (Male) |
| 11:43 | Build | Farm |
| 11:43 | Build | Farm |
| 11:46 | Create | Villager (Male) |
| 11:49 | Build | Palisade Wall |
| 11:50 | Create | Villager (Male) |
| 11:53 | Build | Palisade Wall |
| 11:57 | Build | Palisade Wall |
| 11:58 | Build | Palisade Wall |
| 12:20 | Create | Villager (Male) |
| 12:23 | Build | Farm |
| 12:35 | Create | Unit 2550 |
| 12:53 | Build | Farm |
| 13:08 | Create | Unit 2550 |
| 13:15 | Research | Feudal Age |
| 13:24 | Build | House |
| 13:30 | Create | Unit 2550 |
| 13:47 | Create | Unit 2550 |
| 14:02 | Build | Farm |
| 14:03 | Build | Farm |
| 14:09 | Build | Farm |
| 14:49 | Build | Farm |
| 14:49 | Build | Farm |
| 14:55 | Create | Villager (Male) |
| 15:07 | Create | Unit 2550 |
| 15:18 | Create | Villager (Male) |
| 15:25 | Age | Feudal Age |
| 15:27 | Research | Tech 1402 |
| 15:36 | Build | Blacksmith |
| 16:04 | Build | Market |
| 16:49 | Build | Outpost |
| 16:50 | Build | Outpost |
| 16:58 | Create | Villager (Male) |
| 17:00 | Build | Farm |
| 17:08 | Research | Castle Age |
| 17:17 | Create | Unit 2550 |
| 17:20 | Build | Barracks |
| 17:36 | Create | Unit 2550 |
| 17:41 | Research | Double-Bit Axe |
| 17:49 | Build | Farm |
| 17:51 | Create | Unit 2550 |
| 18:05 | Build | Farm |
| 18:13 | Create | Unit 2550 |
| 18:18 | Research | Scale Mail Armor |
| 18:27 | Build | Farm |
| 18:37 | Create | Unit 2550 |
| 18:49 | Create | Unit 2550 |
| 18:57 | Build | Farm |
| 18:59 | Build | Farm |
| 19:02 | Create | Unit 2550 |
| 19:03 | Create | Unit 2550 |
| 19:15 | Create | Villager (Male) |
| 19:38 | Research | Arson |
| 20:03 | Age | Castle Age |
| 20:04 | Research | Tech 1351 |
| 20:08 | Build | Siege Workshop |
| 20:16 | Build | Farm |
| 20:17 | Create | Villager (Male) |
| 20:21 | Create | Unit 2550 |
| 20:24 | Create | Unit 2550 |
| 20:28 | Research | Squires |
| 20:41 | Research | Horse Collar |
| 20:48 | Create | Villager (Male) |
| 21:00 | Create | Mangonel |
| 21:32 | Create | Unit 2550 |
| 21:32 | Create | Unit 2550 |
| 21:33 | Create | Unit 2550 |
| 21:38 | Create | Unit 2550 |
| 21:39 | Create | Unit 2550 |
| 21:40 | Create | Villager (Male) |
| 21:44 | Build | Farm |
| 21:45 | Build | Farm |
| 21:52 | Create | Unit 2550 |
| 21:54 | Build | Outpost |
| 21:55 | Build | Outpost |
| 22:07 | Create | Villager (Male) |
| 22:13 | Create | Unit 2550 |
| 22:14 | Create | Villager (Male) |
| 22:31 | Build | Town Center |
| 22:33 | Create | Villager (Male) |
| 22:37 | Create | Unit 2550 |
| 22:47 | Create | Unit 2550 |
| 23:06 | Create | Unit 2550 |
| 23:07 | Create | Unit 2550 |
| 23:08 | Create | Villager (Male) |
| 23:13 | Create | Unit 2550 |
| 23:14 | Create | Unit 2550 |
| 23:23 | Build | Monastery |
| 23:27 | Build | House |
| 23:36 | Create | Villager (Male) |
| 23:37 | Create | Unit 2550 |
| 23:50 | Create | Unit 2550 |
| 23:54 | Build | Farm |
| 23:54 | Build | Farm |
Match timeline
| 0:38 | JOJO ROAD ROLLER · first_building Barracks |
| 5:34 | DS_VarVa · wall_segment Palisade Wall x4 |
| 5:40 | DS_VarVa · wall_segment Palisade Wall x1 |
| 7:07 | DS_VarVa · wall_segment Palisade Wall x1 |
| 7:09 | DS_VarVa · wall_segment Palisade Wall x1 |
| 7:40 | DS_VarVa · first_building Barracks |
| 9:01 | JOJO ROAD ROLLER · wall_segment Palisade Wall x10 |
| 9:40 | DS_VarVa · wall_segment Palisade Wall x1 |
| 9:45 | DS_VarVa · wall_segment Palisade Wall x6 |
| 9:46 | DS_VarVa · wall_segment Palisade Wall x6 |
| 10:05 | JOJO ROAD ROLLER · wall_segment Palisade Wall x6 |
| 10:09 | JOJO ROAD ROLLER · wall_segment Palisade Wall x7 |
| 10:15 | DS_VarVa · age_up feudal |
| 10:19 | DS_VarVa · first_building Archery Range |
| 10:22 | DS_VarVa · wall_segment Palisade Wall x1 |
| 10:23 | JOJO ROAD ROLLER · wall_segment Palisade Wall x15 |
| 10:28 | DS_VarVa · wall_segment Palisade Wall x1 |
| 11:07 | JOJO ROAD ROLLER · wall_segment Palisade Wall x2 |
| 11:49 | JOJO ROAD ROLLER · wall_segment Palisade Wall x13 |
| 11:53 | JOJO ROAD ROLLER · wall_segment Palisade Wall x10 |
| 11:57 | JOJO ROAD ROLLER · wall_segment Palisade Wall x2 |
| 11:58 | JOJO ROAD ROLLER · wall_segment Palisade Wall x2 |
| 13:27 | DS_VarVa · wall_segment Palisade Wall x7 |
| 14:14 | DS_VarVa · wall_segment Palisade Wall x4 |
| 14:44 | DS_VarVa · wall_segment Palisade Wall x3 |
| 15:25 | JOJO ROAD ROLLER · age_up feudal |
| 18:35 | DS_VarVa · first_building Stable |
| 20:03 | JOJO ROAD ROLLER · age_up castle |
| 20:05 | DS_VarVa · age_up castle |
| 20:08 | JOJO ROAD ROLLER · first_building Siege Workshop |
| 22:49 | DS_VarVa · wall_segment Palisade Wall x3 |
| 23:23 | JOJO ROAD ROLLER · first_building Monastery |
| 24:51 | DS_VarVa · first_market_buy 100 food |
| 29:12 | DS_VarVa · first_building Siege Workshop |
| 29:33 | DS_VarVa · wall_segment Palisade Wall x1 |
| 29:33 | DS_VarVa · wall_segment Palisade Wall x1 |
| 35:44 | JOJO ROAD ROLLER · first_building Castle |
| 35:51 | DS_VarVa · first_market_sell 100 wood |
| 35:54 | DS_VarVa · first_building Castle |
| 36:40 | DS_VarVa · resign |
[ AI ANALYSIS · 1 CREDIT ]
What really happened in this match?
Wolo.gg analyzes every decision: build order, eco, micro, common mistakes by bracket. Personalized analysis on WhatsApp or Discord in 30 seconds.
Civ guide
Romans
Perfil
Jugador #4129359